 Dungeon Crawl Stone Soup version 0.30-a0-137-gd8773701ce (webtiles) character file.

Game seed: 6796481289305458125

21 KennySheep the Slasher (level 2, -1/17 HPs)
             Began as a Tengu Gladiator on Sept 24, 2022.
             Slain by Terence
             ... wielding a +0 hand axe
              (4 damage)
             ... on level 2 of the Dungeon.
             The game lasted 00:04:30 (1489 turns).

KennySheep the Slasher (Tengu Gladiator)            Turns: 1489, Time: 00:04:31

Health: -1/17      AC:  3    Str: 14    XL:     2   Next: 83%
Magic:  12/12      EV: 12    Int:  8    God:
Gold:   63         SH:  0    Dex: 15    Spells: 0/1 levels left

rFire   . . .      SeeInvis .    a - +0 long sword
rCold   . . .      Faith    .    (no shield)
rNeg    . . .      Spirit   .    b - +0 leather armour
rPois   .          Reflect  .    c - +0 hat
rElec   .          Harm     .    (no cloak)
rCorr   .          Rampage  .    (no gloves)
Will    .....                    (boots unavailable)
Stlth   +.........               g - amulet of regeneration
HPRegen 0.85/turn                o - ring of magical power
MPRegen 0.13/turn                (no ring)

@: no status effects
A: beak, talons 3
a: no special abilities


You were on level 2 of the Dungeon.
You visited 1 branch of the dungeon, and saw 2 of its levels.

You collected 63 gold pieces.

Inventory:

Hand Weapons
 a - a +0 long sword (weapon)
Missiles
 d - 3 throwing nets
 e - 3 javelins
Armour
 b - a +0 leather armour (worn)
 c - a +0 hat (worn)
Jewellery
 g - an amulet of regeneration (around neck)
 o - a ring of magical power (left hand)
Scrolls
 n - a scroll of identify {unknown}
Potions
 h - a potion of degeneration {unknown}
 i - a potion of heal wounds {unknown}
 j - a potion of curing {unknown}
 k - a potion of attraction {unknown}
 l - a potion of might {unknown}
 m - a potion of flight {unknown}


   Skills:
 - Level 2.1 Fighting
 - Level 3.5 Long Blades
 - Level 2.0 Throwing
 - Level 0.6 Armour
 - Level 3.4 Dodging
 - Level 0.2 Spellcasting
 * Level 0.9 Conjurations
 * Level 1.0 Air Magic


You couldn't memorise any spells.
You knew the following spells:

 Your Spells              Type           Power      Damage    Failure   Level
a - Shock                 Conj/Air       4%         1d3       36%         1

Your spell library contained the following spells:

 Spells                   Type           Power      Damage    Failure   Level
 Swiftness                Air            1%         N/A       71%         3
 Airstrike                Air            0%         2d(1-17)  98%         4


Dungeon Overview and Level Annotations

Branches:
Dungeon (2/15)

Altars:

Annotations:
D:2 Terence


Innate Abilities, Weirdness & Mutations

You have a beak for a mouth.
You have claws for feet.


Message History

There is a stone staircase leading up here.
Casting: Shock (safe; 38% risk of failure)
Confirm with . or Enter, or press ? or * to list all spells.
Okay, then.
Found 2 javelins.
The bat closely misses you.
You see here 11 gold pieces.
You slash the bat!
You kill the bat!
You now have 63 gold pieces (gained 11).
e - 3 javelins (gained 2)
Found a stone staircase leading down.
A frilled lizard comes into view.
A frilled lizard is nearby!
The frilled lizard hisses angrily.
You hit the frilled lizard.
You kill the frilled lizard!
Your Air Magic skill increases to level 1!
Terence the Incautious comes into view.
He is wielding a +0 hand axe.
Terence shouts!
Aiming: Shock (safe; 36% risk of failure)
Press: ? - help, Q - select action, (/) - cycle Shift-Dir - straight line, f - Terence
Aim: Terence, wielding a +0 hand axe and wearing a +0 chain mail (74% to hit)
Okay, then.
Casting: Shock (safe; 36% risk of failure)
Confirm with . or Enter, or press ? or * to list all spells.
Okay, then.
Terence asks, "Do you want it fast or slow?"
Terence says, "You're history."
Terence hits you with a +0 hand axe!
Terence bares his teeth.
Terence attacks as you move away! Terence hits you with a +0 hand axe!
* * * LOW HITPOINT WARNING * * *
Terence attacks as you move away! Terence hits you with a +0 hand axe.
* * * LOW HITPOINT WARNING * * *
Okay, then.
The air fills with toxic fumes!
As you read the scroll labelled HONUTHR BI QUFE, it crumbles to dust.
It was a scroll of poison.
Terence hits you with a +0 hand axe.
You die...

#.......#
#§§§§...#
#.§§§...#
#####.§§§...#
......§§#.###
#######§#.#
#§#.# #@#.#
#@#.# #§#.#
#§#.# #§#.#
###


You could see Terence.

Vanquished Creatures
  5 ball pythons (D:1)
  4 endoplasms (D:1)
  A hobgoblin (D:1)
  2 quokkas (D:1)
  3 bats
  2 frilled lizards
  A kobold (D:1)
  2 rats (D:1)
20 creatures vanquished.

Notes
Turn   | Place    | Note
-------+----------+-------------------------------------------
     0 | D:1      | KennySheep the Tengu Gladiator began the quest for the Orb.
     0 | D:1      | Reached XP level 1. HP: 12/12 MP: 2/2
   479 | D:1      | Reached XP level 2. HP: 17/17 MP: 3/3
   535 | D:1      | Found a faded altar of an unknown god.
   571 | D:1      | Learned a level 1 spell: Shock
  1450 | D:2      | Reached skill level 1 in Air Magic
  1461 | D:2      | Noticed Terence
  1489 | D:2      | Slain by Terence

Illustrated notes

Levels and vault maps discovered:
D:1:      sevenhm_arrival_forest_fort_small_5, layout_loops_corners,
          ebering_ecumenical_altar_hall
D:2:      layout_basic, serial_shops, nicolae_shop_hallway_stairs,
          minmay_tromino_v4_c, uniq_terence

Skill      XL: |  1  2 |
---------------+-------+-----
Air Magic      | 1 |  1.0
Fighting       | |  2.1
Long Blades    | |  3.5
Throwing       | |  2.0
Armour         | |  0.6
Dodging        | |  3.4
Spellcasting   | |  0.2
Conjurations   | |  0.9

Action                   || total
-------------------------++-------
Melee: Long sword        ||    36
       Kick              ||     8
       Peck              ||     6
  Use: Scroll            ||     1
 Stab: Sleeping          ||     2
Armor: Leather armour    ||     2
Dodge: Dodged            ||    28

Table legend: (Time is in decaauts)
 A = Elapsed time spent in this place.
 B = Non-inter-level travel time spent in this place.
 C = Inter-level travel time spent in this place.
 D = Time resting spent in this place.
 E = Time spent auto-exploring this place.
 F = Levels seen in this place.
 G = Mean time per level.
                   A        B        C        D        E       F      G
               +--------+--------+--------+--------+--------+-----+--------+
         Total |   1500 |   1460 |     40 |    345 |    942 |   2 |  750.0 |
       Dungeon |   1500 |   1460 |     40 |    345 |    942 |   2 |  750.0 |
               +--------+--------+--------+--------+--------+-----+--------+

Top non-repeatable levels by time:
     D:1: 1434 daAuts
     D:2: 65 daAuts
